| TOP OF THE 1ST |
|
Decatur Commodores batting - Pitching for Appleton Foxes : RHP George DeMaria
|
|
Pitching: RHP George DeMaria
|
|
|
Batting: LHB Alexis Marte
|
0-0: Foul Ball, location: 2F 0-1: Swinging Strike 0-2: Ball 1-2: Ball 2-2: Ball 3-2: Base on Balls
|
|
Batting: SHB Roger Holt
|
0-0: Ball 1-0: Ball 2-0: Called Strike 2-1: Ball 3-1: Foul Ball, location: 2F 3-2: Fly out, F8 (Flyball, 8RM, EV 86.9 MPH)
|
|
Batting: SHB Daniel Wieser
|
0-0: Ball Alexis Marte steals 2nd base 1-0: Called Strike 1-1: Ball 2-1: Ball 3-1: Base on Balls
|
|
Batting: LHB David Showalter
|
0-0: Called Strike 0-1: Ball 1-1: Fly out, F9 (Flyball, 9LS, EV 91.9 MPH)
|
|
Batting: SHB Rondin Johnson
|
0-0: Called Strike 0-1: Swinging Strike 0-2: Ground out 5-3 (Groundball, 5L, EV 98.8 MPH)
|
| Top of the 1st over - 0 runs, 0 hits, 0 errors, 2 left on base; Decatur 0 - Appleton 0 |
| BOTTOM OF THE 1ST |
|
Appleton Foxes batting - Pitching for Decatur Commodores : RHP Fred Howard
|
|
Pitching: RHP Fred Howard
|
|
|
Batting: LHB Mike Woodard
|
0-0: Fly out, F6 (Popup, 6, EV 63.1 MPH)
|
|
Batting: SHB Matt Gallegos
|
0-0: Ground out 6-3 (Groundball, P, EV 81.3 MPH)
|
|
Batting: RHB Chris Brown
|
0-0: Ball 1-0: Called Strike 1-1: Fly out, F9 (Flyball, 9D, EV 108.1 MPH)
|
| Bottom of the 1st over - 0 runs, 0 hits, 0 errors, 0 left on base; Decatur 0 - Appleton 0 |
| TOP OF THE 2ND |
|
Decatur Commodores batting - Pitching for Appleton Foxes : RHP George DeMaria
|
|
Batting: LHB Jerry Miller
|
0-0: Ball 1-0: Fly out, F7 (Flyball, 7S, EV 76.9 MPH)
|
|
Batting: RHB Clifton Wilder
|
0-0: Ball 1-0: Ball 2-0: Fly out, F7 (Line Drive, 7D, EV 105.0 MPH)
|
|
Batting: RHB Rex Farrior
|
0-0: Swinging Strike 0-1: SINGLE (Groundball, 6MD, EV 98.1 MPH)
|
|
Batting: RHB Donald Johnson
|
0-0: Foul Ball, location: 2F 0-1: Swinging Strike 0-2: Ground out 3-1 (Groundball, 34S, EV 85.6 MPH)
|
| Top of the 2nd over - 0 runs, 1 hit, 0 errors, 1 left on base; Decatur 0 - Appleton 0 |
| BOTTOM OF THE 2ND |
|
Appleton Foxes batting - Pitching for Decatur Commodores : RHP Fred Howard
|
|
Batting: RHB Randy Asadoor
|
0-0: Called Strike 0-1: Ball 1-1: Called Strike 1-2: Ball 2-2: Foul Ball, location: 2F 2-2: Ball 3-2: Strikes out swinging
|
|
Batting: RHB Victor Mata
|
0-0: Ball 1-0: Ball 2-0: Foul Ball, location: 2F 2-1: Ground out 6-3 (Groundball, 6, EV 81.9 MPH)
|
|
Batting: LHB John Csefalvay
|
0-0: Called Strike 0-1: Ball 1-1: Swinging Strike 1-2: SINGLE (Line Drive, 7S, EV 86.3 MPH)
|
|
Batting: RHB Howard Lopes
|
0-0: Ball 1-0: Ball 2-0: Swinging Strike 2-1: Ball 3-1: Base on Balls John Csefalvay to second
|
|
Batting: RHB Mike Nipper
|
0-0: Ball 1-0: Called Strike 1-1: Called Strike 1-2: Strikes out swinging
|
| Bottom of the 2nd over - 0 runs, 1 hit, 0 errors, 2 left on base; Decatur 0 - Appleton 0 |
| TOP OF THE 3RD |
|
Decatur Commodores batting - Pitching for Appleton Foxes : RHP George DeMaria
|
|
Batting: LHB Alexis Marte
|
0-0: Called Strike 0-1: Foul Ball, location: 2F 0-2: Ball 1-2: Ball 2-2: Ball 3-2: Foul Ball, location: 2F 3-2: Foul Ball, location: 2F 3-2: Foul Ball, location: 2F 3-2: Reached on error, E5 (Groundball, 5S, EV 83.8 MPH)
|
|
Batting: SHB Roger Holt
|
0-0: Ball Alexis Marte steals 2nd base (no throw) 1-0: Ball 2-0: Foul Ball, location: 2F 2-1: Foul Ball, location: 2F 2-2: Foul Ball, location: 2F 2-2: Ball 3-2: Base on Balls
|
|
Batting: SHB Daniel Wieser
|
0-0: Swinging Strike 0-1: Ball 1-1: Foul Ball, location: 2F 1-2: Strikes out swinging
|
|
Batting: LHB David Showalter
|
0-0: Ball Wild Pitch! Alexis Marte to third Roger Holt to second 1-0: Fly out, F7 (Line Drive, 7D, EV 90.0 MPH) Runner from 3rd tags up, SCORES, no throw by LF
|
|
Batting: SHB Rondin Johnson
|
0-0: Ground out 2-3 (Groundball, 15S, EV 66.9 MPH)
|
| Top of the 3rd over - 1 run, 0 hits, 1 error, 1 left on base; Decatur 1 - Appleton 0 |
| BOTTOM OF THE 3RD |
|
Appleton Foxes batting - Pitching for Decatur Commodores : RHP Fred Howard
|
|
Batting: RHB George Hinshaw
|
0-0: Foul Ball, location: 2F 0-1: Called Strike 0-2: Ball 1-2: Ball 2-2: Strikes out swinging
|
|
Batting: LHB Mike Woodard
|
0-0: Called Strike 0-1: Foul Ball, location: 2F 0-2: Ball 1-2: Foul Ball, location: 2F 1-2: Ball 2-2: Foul Ball, location: 2F 2-2: Ground out 5-3 (Groundball, 56, EV 107.5 MPH)
|
|
Batting: SHB Matt Gallegos
|
0-0: Ball 1-0: Ball 2-0: Called Strike 2-1: Ball 3-1: Called Strike 3-2: Fly out, F8 (Flyball, 89M, EV 90.0 MPH)
|
| Bottom of the 3rd over - 0 runs, 0 hits, 0 errors, 0 left on base; Decatur 1 - Appleton 0 |
| TOP OF THE 4TH |
|
Decatur Commodores batting - Pitching for Appleton Foxes : RHP George DeMaria
|
|
Batting: LHB Jerry Miller
|
0-0: Called Strike 0-1: Ball 1-1: Ball 2-1: Fly out, F7 (Flyball, 7S, EV 93.1 MPH)
|
|
Batting: RHB Clifton Wilder
|
0-0: Ball 1-0: Called Strike 1-1: Foul Ball, location: 2F 1-2: Foul Ball, location: 2F 1-2: Ball 2-2: Ball 3-2: Base on Balls
|
|
Batting: RHB Rex Farrior
|
0-0: Ball 1-0: Called Strike 1-1: Called Strike 1-2: Fly out, F4 (Popup, 3DF, EV 55.6 MPH)
|
|
Batting: RHB Donald Johnson
|
0-0: Called Strike 0-1: Called Strike Clifton Wilder steals 2nd base (no throw) 0-2: Ball 1-2: Ball 2-2: Ground out 1-3 (Groundball, 15S, EV 68.8 MPH)
|
| Top of the 4th over - 0 runs, 0 hits, 0 errors, 1 left on base; Decatur 1 - Appleton 0 |
| BOTTOM OF THE 4TH |
|
Appleton Foxes batting - Pitching for Decatur Commodores : RHP Fred Howard
|
|
Batting: RHB Chris Brown
|
0-0: Ball 1-0: SINGLE (Groundball, 56S, EV 72.5 MPH) (infield hit)
|
|
Batting: RHB Randy Asadoor
|
0-0: Ball 1-0: Ball 2-0: Ball 3-0: Base on Balls Chris Brown to second
|
|
Batting: RHB Victor Mata
|
0-0: Ball 1-0: Called Strike 1-1: Fly out, F4 (Flyball, 34D, EV 91.9 MPH)
|
|
Batting: LHB John Csefalvay
|
0-0: Ball 1-0: Swinging Strike 1-1: Foul Ball, location: 2F 1-2: Foul Ball, location: 2F 1-2: Ball 2-2: Strikes out swinging
|
|
Batting: RHB Howard Lopes
|
0-0: Foul Ball, location: 2F 0-1: Ball 1-1: Called Strike 1-2: Foul Ball, location: 2F 1-2: Foul Ball, location: 2F 1-2: DOUBLE (Line Drive, 7LS, EV 100.6 MPH) Chris Brown scores Randy Asadoor to third Runner from 3rd tries for Home, SAFE, throw by LF to home
|
|
Batting: RHB Mike Nipper
|
0-0: Called Strike 0-1: Ball 1-1: Ground out 6-3 (Groundball, 6M, EV 84.4 MPH)
|
| Bottom of the 4th over - 2 runs, 2 hits, 0 errors, 1 left on base; Decatur 1 - Appleton 2 |
| TOP OF THE 5TH |
|
Decatur Commodores batting - Pitching for Appleton Foxes : RHP George DeMaria
|
|
Batting: LHB Alexis Marte
|
0-0: Ball 1-0: Swinging Strike 1-1: Ground out 6-3 (Groundball, 6, EV 85.6 MPH)
|
|
Batting: SHB Roger Holt
|
0-0: Foul Ball, location: 2F 0-1: Swinging Strike 0-2: Foul Ball, location: 2F 0-2: Ball 1-2: SINGLE (Groundball, 56D, EV 97.5 MPH)
|
|
Batting: SHB Daniel Wieser
|
0-0: Ball 1-0: Ball 2-0: Ball 3-0: Base on Balls Roger Holt to second
|
|
Batting: LHB David Showalter
|
0-0: Ball 1-0: Fly out, F8 (Flyball, 8LD, EV 98.8 MPH) Runner from 2nd tags up, SAFE at 3rd with throw by CF
|
|
Batting: SHB Rondin Johnson
|
0-0: Foul Ball, location: 2F 0-1: Ball 1-1: Ball 2-1: Fly out, F4 (Line Drive, 4, EV 67.5 MPH)
|
| Top of the 5th over - 0 runs, 1 hit, 0 errors, 2 left on base; Decatur 1 - Appleton 2 |
| BOTTOM OF THE 5TH |
|
Appleton Foxes batting - Pitching for Decatur Commodores : RHP Fred Howard
|
|
Batting: RHB George Hinshaw
|
0-0: Fly out, F4 (Flyball, 3D, EV 83.1 MPH)
|
|
Batting: LHB Mike Woodard
|
0-0: Called Strike 0-1: Swinging Strike 0-2: Ball 1-2: Ball 2-2: Ball 3-2: Foul Ball, location: 2F 3-2: Foul Ball, location: 2F 3-2: Strikes out swinging
|
|
Batting: SHB Matt Gallegos
|
0-0: Ball 1-0: Swinging Strike 1-1: Ball 2-1: Called Strike 2-2: SINGLE (Groundball, 34D, EV 99.4 MPH)
|
|
Batting: RHB Chris Brown
|
0-0: Fly out, F8 (Line Drive, 8RM, EV 100.6 MPH)
|
| Bottom of the 5th over - 0 runs, 1 hit, 0 errors, 1 left on base; Decatur 1 - Appleton 2 |
| TOP OF THE 6TH |
|
Decatur Commodores batting - Pitching for Appleton Foxes : RHP George DeMaria
|
|
Batting: LHB Jerry Miller
|
0-0: Ball 1-0: Ball 2-0: SINGLE (Line Drive, 9S, EV 113.1 MPH)
|
|
Batting: RHB Clifton Wilder
|
0-0: Called Strike 0-1: Called Strike Jerry Miller steals 2nd base 0-2: Foul Ball, location: 2F 0-2: Ground out 2-3 (Groundball, 13S, EV 63.1 MPH) Jerry Miller to third
|
|
Pitching: RHP Steve Mapel
|
|
|
Batting: RHB Rex Farrior
|
0-0: Ball 1-0: Called Strike 1-1: Swinging Strike 1-2: Ball 2-2: Foul Ball, location: 2F 2-2: Ball 3-2: Foul Ball, location: 2F 3-2: Fly out, F9 (Flyball, 89D, EV 88.8 MPH) Runner from 3rd tags up, SCORES, throw by RF
|
|
Batting: RHB Donald Johnson
|
0-0: Ball 1-0: Ball 2-0: Foul Ball, location: 2F 2-1: Ball 3-1: Foul Ball, location: 2F 3-2: Fly out, F8 (Line Drive, 8LD, EV 85.0 MPH)
|
| Top of the 6th over - 1 run, 1 hit, 0 errors, 0 left on base; Decatur 2 - Appleton 2 |
| BOTTOM OF THE 6TH |
|
Appleton Foxes batting - Pitching for Decatur Commodores : RHP Fred Howard
|
|
Batting: RHB Randy Asadoor
|
0-0: Ball 1-0: Ball 2-0: Ball 3-0: Called Strike 3-1: Ground out U3 (Groundball, 34, EV 85.0 MPH)
|
|
Pitching: RHP William Martin
|
|
|
Batting: RHB Victor Mata
|
0-0: Called Strike 0-1: Ball 1-1: Ball 2-1: Swinging Strike 2-2: Strikes out looking
|
|
Batting: LHB John Csefalvay
|
0-0: Ball 1-0: Ball 2-0: Ball 3-0: Called Strike 3-1: Base on Balls
|
|
Batting: RHB Howard Lopes
|
0-0: Called Strike John Csefalvay steals 2nd base 0-1: Ball 1-1: Swinging Strike 1-2: Strikes out swinging
|
| Bottom of the 6th over - 0 runs, 0 hits, 0 errors, 1 left on base; Decatur 2 - Appleton 2 |
| TOP OF THE 7TH |
|
Decatur Commodores batting - Pitching for Appleton Foxes : RHP Steve Mapel
|
|
Batting: LHB Alexis Marte
|
0-0: Ball 1-0: Ball 2-0: Ball 3-0: Called Strike 3-1: DOUBLE (Line Drive, 78D, EV 113.8 MPH)
|
|
Batting: SHB Roger Holt
|
0-0: Ball Alexis Marte steals 3rd base (no throw) 1-0: Ball 2-0: Ball 3-0: Base on Balls
|
|
Batting: SHB Daniel Wieser
|
0-0: Foul Ball, location: 2F 0-1: Foul Ball, location: 2F 0-2: Foul Ball, location: 2F 0-2: Ball 1-2: Ball 2-2: Foul Ball, location: 2F 2-2: Foul Ball, location: 2F 2-2: Ball 3-2: Fly out, F8 (Flyball, 8RD, EV 101.3 MPH) Runner from 3rd tags up, SCORES, no throw by CF
|
|
Batting: LHB David Showalter
|
0-0: Ball 1-0: Foul Ball, location: 2F 1-1: Ball 2-1: Called Strike Roger Holt steals 2nd base 2-2: Ball 3-2: Strikes out swinging
|
|
Batting: SHB Rondin Johnson
|
0-0: Ball 1-0: Foul Ball, location: 2F 1-1: SINGLE (Groundball, 6M, EV 106.9 MPH) (infield hit) Roger Holt to third
|
|
Batting: LHB Jerry Miller
|
0-0: Ball 1-0: Ball 2-0: Called Strike 2-1: Ball 3-1: Base on Balls Rondin Johnson to second
|
|
Batting: RHB Clifton Wilder
|
0-0: Ball 1-0: Swinging Strike 1-1: Foul Ball, location: 2F 1-2: Fly out, F3 (Line Drive, 3, EV 64.4 MPH)
|
| Top of the 7th over - 1 run, 2 hits, 0 errors, 3 left on base; Decatur 3 - Appleton 2 |
| BOTTOM OF THE 7TH |
|
Appleton Foxes batting - Pitching for Decatur Commodores : RHP William Martin
|
|
Batting: RHB Mike Nipper
|
0-0: Called Strike 0-1: Ball 1-1: Ball 2-1: Ground out 4-3 (Groundball, 4, EV 79.4 MPH)
|
|
Batting: RHB George Hinshaw
|
0-0: Foul Ball, location: 2F 0-1: Ball 1-1: Called Strike 1-2: Strikes out looking
|
|
Batting: LHB Mike Woodard
|
0-0: Called Strike 0-1: Ball 1-1: Fly out, F7 (Flyball, 7D, EV 105.0 MPH)
|
| Bottom of the 7th over - 0 runs, 0 hits, 0 errors, 0 left on base; Decatur 3 - Appleton 2 |
| TOP OF THE 8TH |
|
Decatur Commodores batting - Pitching for Appleton Foxes : RHP Steve Mapel
|
|
Batting: RHB Rex Farrior
|
0-0: Fly out, F4 (Flyball, 34D, EV 91.9 MPH)
|
|
Batting: RHB Donald Johnson
|
0-0: Ball 1-0: Called Strike 1-1: Ground out 5-3 (Groundball, 56S, EV 79.4 MPH)
|
|
Batting: LHB Alexis Marte
|
0-0: Called Strike 0-1: Foul Ball, location: 2F 0-2: Ball 1-2: Foul Ball, location: 2F 1-2: Foul Ball, location: 2F 1-2: Fly out, F9 (Flyball, 9LS, EV 73.1 MPH)
|
| Top of the 8th over - 0 runs, 0 hits, 0 errors, 0 left on base; Decatur 3 - Appleton 2 |
| BOTTOM OF THE 8TH |
|
Appleton Foxes batting - Pitching for Decatur Commodores : RHP William Martin
|
|
Batting: SHB Matt Gallegos
|
0-0: Called Strike 0-1: Fly out, F8 (Flyball, 8RD, EV 108.1 MPH)
|
|
Batting: RHB Chris Brown
|
0-0: Ball 1-0: Fly out, F7 (Flyball, 7, EV 93.8 MPH)
|
|
Batting: RHB Randy Asadoor
|
0-0: Ball 1-0: Foul Ball, location: 2F 1-1: Swinging Strike 1-2: Foul Ball, location: 2F 1-2: SINGLE (Line Drive, 89D, EV 103.8 MPH)
|
|
Pitching: RHP Luis Guzman
|
|
|
Batting: RHB Victor Mata
|
0-0: Called Strike 0-1: Foul Ball, location: 2F 0-2: Ball 1-2: Foul Ball, location: 2F 1-2: Strikes out swinging
|
| Bottom of the 8th over - 0 runs, 1 hit, 0 errors, 1 left on base; Decatur 3 - Appleton 2 |
| TOP OF THE 9TH |
|
Decatur Commodores batting - Pitching for Appleton Foxes : RHP Steve Mapel
|
|
Batting: SHB Roger Holt
|
0-0: Foul Ball, location: 2F 0-1: Fly out, F6 (Popup, 56, EV 58.1 MPH)
|
|
Batting: SHB Daniel Wieser
|
0-0: Called Strike 0-1: Ground out 4-3 (Groundball, 4, EV 80.0 MPH)
|
|
Batting: LHB David Showalter
|
0-0: Ball 1-0: Ball 2-0: Foul Ball, location: 2F 2-1: Foul Ball, location: 2F 2-2: Ball 3-2: Strikes out swinging
|
| Top of the 9th over - 0 runs, 0 hits, 0 errors, 0 left on base; Decatur 3 - Appleton 2 |
| BOTTOM OF THE 9TH |
|
Appleton Foxes batting - Pitching for Decatur Commodores : RHP Luis Guzman
|
|
Now at SS: Rafael Sanchez
|
|
|
Batting: LHB John Csefalvay
|
0-0: Foul Ball, location: 2F 0-1: SINGLE (Flyball, 78M, EV 96.3 MPH)
|
|
Pinch Hitting: RHB Robert Gilles
|
0-0: Called Strike 0-1: Foul Ball, location: 2F 0-2: Fly out, F3 (Popup, 3F, EV 63.1 MPH)
|
|
Batting: RHB Mike Nipper
|
0-0: Foul Ball, location: 2F 0-1: Called Strike 0-2: Strikes out swinging
|
|
Batting: RHB George Hinshaw
|
0-0: Called Strike 0-1: Ball 1-1: Foul Ball, location: 2F 1-2: Ground out 2-3 (Groundball, 2R, EV 65.6 MPH)
|
| Bottom of the 9th over - 0 runs, 1 hit, 0 errors, 1 left on base; Decatur 3 - Appleton 2 |
|